Map: 2000 Atmospheres LE

Players

A.I. 1 (Very Easy)

  • Race: Terran Terran

Deuter - Winner!

  • Race: Terran Terran
  • League: Gold

VOD

Have the link to the VOD?

Description

Time

  • Played on: Nov. 29, 2021, 4:38 a.m.
  • Length: 5:59
Show
View Real Time Build Order
Export as new Build Order

A.I. 1 (Very Easy) Terran 

Build Orders: Reaper Expand 

Get SALT Encoding   

  12  0:00  SCV  
  13  0:13  SCV  
  14  0:18  Supply Depot  
  14  0:42  Barracks  
  14  1:01  Command Center  
  14  1:29  Supply Depot, Orbital Command  
  14  1:31  Marine  
  15  1:35  Refinery  
  15  1:48  Refinery  
  15  1:55  SCV  
  16  2:07  SCV  
  17  2:14  SCV  
  17  2:15  Reaper  
  19  2:21  SCV  
  20  2:28  SCV  
  21  2:35  SCV  
  22  2:42  SCV  
  23  2:50  SCV  
  24  2:57  SCV  
  25  2:58  Refinery  
  25  3:01  Marine  
  25  3:04  SCV  
  27  3:11  Refinery, SCV  
  28  3:18  SCV  
  28  3:19  Factory  
  29  3:41  SCV  
  30  3:48  Barracks Tech Lab, SCV  
  30  3:54  Supply Depot  
  31  3:56  SCV  
  32  4:03  SCV  
  32  4:06  Marauder  
  32  4:08  Starport  
  35  4:10  SCV  
  36  4:17  SCV  
  37  4:25  SCV  
  37  4:28  Supply Depot  
  38  4:32  SCV  
  39  4:39  SCV  
  39  4:44  Starport Tech Lab  
  40  4:47  SCV  
  40  4:52  Marine  
  41  4:54  SCV  
  43  5:01  SCV  
  43  5:04  Raven  
  45  5:08  SCV  
  42  5:15  SCV  
  42  5:20  Supply Depot  
  41  5:22  Hellion  
  41  5:23  SCV  
  24  5:37  SCV  
Show
View Real Time Build Order
Export as new Build Order

Deuter Terran - Winner!

Build Orders:  

Get SALT Encoding   

  12  0:00  SCV  
  13  0:12  SCV  
  14  0:17  Supply Depot  
  14  0:24  SCV  
  15  0:39  SCV  
  15  0:40  Barracks  
  16  0:45  Refinery  
  16  0:51  SCV  
  17  0:59  Barracks  
  17  1:03  SCV  
  18  1:15  SCV  
  19  1:27  Orbital Command  
  19  1:28  Barracks Tech Lab  
  19  1:35  Barracks  
  19  1:48  Barracks  
  19  1:57  Stimpack  
  19  1:58  SCV  
  20  2:06  Supply Depot  
  20  2:10  SCV  
  20  2:14  Barracks Reactor  
  21  2:17  Marine  
  21  2:22  SCV  
  23  2:27  Marine  
  24  2:35  Barracks Reactor  
  24  2:39  Marine  
  26  2:51  Marine x2  
  26  2:53  Supply Depot  
  26  2:55  Barracks Reactor  
  27  2:59  Marine  
  28  3:09  Marine x2  
  28  3:11  Marine  
  31  3:14  Marine  
  31  3:16  Supply Depot  
  31  3:17  Marine  
  33  3:27  Marine x2  
  33  3:31  Marine x2  
  33  3:32  Marine x2  
  39  3:36  Combat Shield  
  39  3:37  Marine  
  39  3:39  Supply Depot  
  40  3:45  Marine x2  
  42  3:48  Marine  
  42  3:49  Marine  
  42  3:50  Marine x2  
  42  3:55  Marine  
  47  4:01  Supply Depot  
  47  4:03  Marine x2  
  47  4:06  Marine x2  
  47  4:08  Marine x2  
  53  4:13  Marine  
  54  4:21  Marine  
  54  4:22  Marine  
  56  4:24  Marine x2  
  56  4:25  Supply Depot  
  56  4:26  Marine  
  56  4:29  Marine  
  60  4:57  Command Center  
  60  5:01  Marine x2  
  60  5:02  Marine x2  
  60  5:04  Marine  
  63  5:25  Marine x6  
  63  5:26  Marine  
Tags
 
Add a new tag
Caveats
  • Supply blocks, unpowered buildings, or Contaminate may cause inaccurate times.
  • Supply counts are checked every 10 seconds.